 Dungeon Crawl Stone Soup version 0.20.1-1-g8b1a95d (webtiles) character file.

16 Lanoc the Insei (level 2, 0/21 HPs)
             Began as a Demonspawn Transmuter on Dec 16, 2017.
             Slain by a hobgoblin
             ... wielding a +0 club
              (4 damage)
             ... on level 1 of the Dungeon.
             The game lasted 00:03:00 (732 turns).

Lanoc the Insei (Demonspawn Transmuter)              Turns: 732, Time: 00:03:01

Health: 0/21       AC:  2    Str: 10    XL:     2   Next: 37%
Magic:  5/5        EV: 12    Int: 14    God:
Gold:   51         SH:  0    Dex: 13    Spells: 4/5 levels left

rFire    . . .     SeeInvis .     - Unarmed
rCold    . . .     Gourm    .   (no shield)
rNeg     . . .     Faith    .   b - +0 robe
rPois    .         Spirit   .   (no helmet)
rElec    .         Reflect  .   (no cloak)
rCorr    .         Harm     .   (no gloves)
MR       .....                  (no boots)
Stlth    +.........             (no amulet)
Regen    0.1/turn               (no ring)
MPRegen  0.1/turn               (no ring)

@: appendage (expiring)
A: horns 2, demonic guardian 1
a: End Transformation


You were on level 1 of the Dungeon.
You were not hungry.
You had grown temporary horns.
You visited 1 branch of the dungeon, and saw 1 of its levels.

You collected 51 gold pieces.

Inventory:

Missiles
 a - 12 arrows
Armour
 b - a +0 robe (worn)
Scrolls
 h - 4 scrolls of identify {unknown}
 k - a scroll of teleportation {unknown}
 l - 3 scrolls of remove curse {unknown}
Potions
 e - 2 potions of might {unknown}
 i - a potion of resistance {unknown}
 j - a potion of mutation {unknown}
Books
 c - a book of Changes

   Spells                             Type                      Level
   a - Beastly Appendage              Transmutation                1
   b - Sticks to Snakes               Transmutation                2
   c - Spider Form                    Transmutation/Poison         3
   d - Ice Form                       Ice/Transmutation            4
   e - Blade Hands                    Transmutation                5
Comestibles
 d - 4 bread rations
 g - a royal jelly


   Skills:
 + Level 1.4 Fighting
 + Level 1.8 Dodging
 * Level 2.8 Unarmed Combat
 + Level 2.1 Spellcasting
 * Level 2.1 Transmutations


You had 4 spell levels left.
You knew the following spells:

 Your Spells              Type           Power        Failure   Level  Hunger
a - Beastly Appendage     Tmut           #.....       10%         1    #......


Dungeon Overview and Level Annotations

Branches:
Dungeon (1/15)

Altars:
Xom


Innate Abilities, Weirdness & Mutations

A weak demonic guardian rushes to your aid.
You have a pair of horns on your head.


Message History

The hobgoblin misses you.
You hit the hobgoblin but do no damage.
The hobgoblin is almost dead.
The hobgoblin misses you.
You closely miss the hobgoblin.
The hobgoblin is almost dead.
You barely miss the hobgoblin.
The hobgoblin is almost dead.
The hobgoblin barely misses you.
You hit the hobgoblin but do no damage.
The hobgoblin is severely wounded.
The hobgoblin hits you with a club!
* * * LOW HITPOINT WARNING * * *
You closely miss the hobgoblin.
The hobgoblin is severely wounded.
The hobgoblin barely misses you.
You barely miss the hobgoblin.
The hobgoblin is severely wounded.
The hobgoblin hits you with a club.
You die...

##8.8#####.P.♣P.##### #.........
.#...# ##..♣♣♣.....## #.........
.#...# #..(.♣♣......###.........
##...####.P.(♣...♣♣P............♣
.......8#...P)...♣♣♣♣P.##........
......_.#....(##..P♣...###.....#♣
.......8#........P....## #####...
........######(.....#### ###.♣.
........# #..@g...... ###...♣.
.......8#......######### .....♣.
8.8.8.8.#....... #####....♣.
###########..>.. ##........♣.
###.>..#####........#♣.
...................♣.
#.###.#............#♣. ..
.#.................####♣.
.###......#............# #.


You could see a hobgoblin.

Vanquished Creatures
  A bat (D:1)
  5 goblins (D:1)
  3 hobgoblins (D:1)
  2 frilled lizards (D:1)
  3 rats (D:1)
14 creatures vanquished.

Notes
Turn   | Place    | Note
-------+----------+-------------------------------------------
     0 | D:1      | Lanoc the Demonspawn Transmuter began the quest for the Orb.
     0 | D:1      | Reached XP level 1. HP: 15/15 MP: 3/3
   200 | D:1      | Gained mutation: A weak demonic guardian rushes to your aid. [demonic ancestry]
   200 | D:1      | Reached XP level 2. HP: 8/21 MP: 3/5
   591 | D:1      | Found a white marble altar of Elyvilon.
   593 | D:1      | Found a shimmering altar of Xom.
   593 | D:1      | Found a sacrificial altar of Ru.
   595 | D:1      | Found a glowing golden altar of the Shining One.
   595 | D:1      | Found a shadowy altar of Dithmenos.
   595 | D:1      | Found a shadowy altar of Dithmenos.
   732 | D:1      | Slain by a hobgoblin

Skill      XL: |  1 |
---------------+----+-----
Transmutations | 2 |  2.1
Fighting       | |  1.4
Dodging        | |  1.8
Unarmed Combat | |  2.8
Spellcasting   | |  2.1

Action                   || total
-------------------------++-------
Melee: Unarmed           ||    54
       Kick              ||     3
       Headbutt          ||     2
 Cast: Beastly Appendage ||     9
Armor: Robe              ||     6
Dodge: Dodged            ||    25
